 Dungeon Crawl Stone Soup version 0.14-a0-586-g2535b90 (webtiles) character file.

85 PolkaDot the Sneak (level 3, 0/22 HPs)
             Began as a Vampire Wizard on Nov 4, 2013.
             Hit by a dart thrown by a gnoll (5 damage)
             ... on Level 2 of the Dungeon.
             The game lasted 00:05:33 (1688 turns).

PolkaDot the Sneak (Vampire Wizard)                 Turns: 1688, Time: 00:05:33

HP   0/22        AC  2     Str  6      XL: 3   Next: 37%
MP  10/10        EV 12     Int 21      God:
Gold 42          SH  0     Dex 12      Spells:  1 memorised,  7 levels left

Res.Fire  : . . .   See Invis. : +   n - +1,+0 whip (flame)
Res.Cold  : . . .   Warding    : .   a - +0 robe
Life Prot.: . . .   Conserve   : .   (no shield)
Res.Poison: .       Res.Corr.  : .   b - +0 wizard hat
Res.Elec. : .       Clarity    : .   (no cloak)
Sust.Abil.: . .     Spirit.Shd : .   (no gloves)
Res.Mut.  : .       Stasis     : .   (no boots)
Res.Rott. : .       Flight     : .   (no amulet)
Saprovore : . . .                    (no ring)
                                     e - ring of wizardry

@: regenerating quickly, very slightly contaminated, hasted, very quick,
slightly resistant to hostile enchantments, stealthy
A: fangs 3, see invisible, unbreathing
a: no special abilities


You were on level 2 of the Dungeon.
You were full.

You visited 1 branch of the dungeon, and saw 2 of its levels.

You collected 42 gold pieces.

Inventory:

Hand weapons
 n - a +1,+0 whip of flaming (weapon)
Armour
 a - a +0 robe (worn)
 b - a +0 wizard hat (worn)
Scrolls
 d - 2 scrolls of blinking {unknown}
 f - a scroll of fog {unknown}
 i - 2 scrolls of curse weapon {unknown}
 j - 2 scrolls of remove curse {unknown}
 m - a scroll of recharging {unknown}
Jewellery
 e - a ring of wizardry (left hand)
 g - an uncursed ring of protection from magic {unknown}
 h - an uncursed ring of protection from fire {unknown}
 k - an uncursed amulet of clarity {unknown}
Potions
 l - a potion of speed
Books
 c - a book of Minor Magic

   Spells                             Type                      Level
   *Magic Dart                        Conjuration                  1
   Blink                              Translocation                2
   Call Imp                           Summoning                    2
   Repel Missiles                     Charms/Air                   2
   Slow                               Hexes                        2
   Conjure Flame                      Conjuration/Fire             3
   Mephitic Cloud                     Conjuration/Poison/Air       3


   Skills:
 - Level 2.1 Dodging
 - Level 3.0 Stealth
 - Level 3.0 Spellcasting
 * Level 2.4 Conjurations
   Level 1.0 Summonings
   Level 0.7 Translocations


You had 7 spell levels left.
You knew the following spells:

 Your Spells              Type           Power        Failure   Level  Hunger
a - Magic Dart            Conj           ##..         2%          1    None


Dungeon Overview and Level Annotations

Branches:
Dungeon (2/27)

Altars:
Okawaru


Innate Abilities, Weirdness & Mutations

Your natural rate of healing is unusually fast.
You have razor-sharp teeth.*
You have supernaturally acute eyesight.
You can survive without breathing.*


Message History

You hit the jackal but do no damage. The jackal barely misses you.
You closely miss the jackal. The jackal misses you.
You hit the jackal but do no damage. The jackal barely misses you.
You barely miss the jackal. You closely miss the jackal.
The jackal barely misses you.
You hit the jackal but do no damage. The jackal bites you.
The jackal barely misses you.
You closely miss the jackal. The jackal barely misses you.
You hit the jackal. You burn the jackal.
You kill the jackal!
The gnoll throws a dart.
The dart misses you.
The gnoll throws a dart.
The dart hits you!
The gnoll throws a dart.
The dart hits you!
The gnoll throws a dart.
The dart hits you!
The gnoll throws a dart.
The dart hits you!
* * * LOW HITPOINT WARNING * * *
The gnoll throws a dart.
The dart misses you.
There is a stone staircase leading down here.
The gnoll throws a dart.
The dart hits you!
You die...

#..### .≈.≈## #.#
.<...###### ##≈.≈.
#.# ...........
#.≈.≈# #.#
........... #≈g≈ #.#
.....##########g##
#.# .....# #.##gg#
#.# ##.### #.###%#
#.# #.# #.# #(# #.#
#.# #.# #@# #.# ##.#
#.# #.# #.# ...#
####.###.# #.# ##.#
#.......(# #.# #.#
##.#...###########.#
#.#
#....#...#.........#
#%#
##.#...#.#.#########
#.# ####.##.#.# ##%#
#.##.#.#


You could see 2 gnolls, a hobgoblin and a goblin.

Vanquished Creatures
  4 giant geckos
  An orc (D:2)
  6 goblins
  4 hobgoblins (D:2)
  5 jackals
  5 bats (D:1)
  3 giant cockroaches
  A giant newt (D:1)
  2 kobolds
  5 rats
36 creatures vanquished.

Notes
Turn   | Place    | Note
--------------------------------------------------------------
     0 | D:1      | PolkaDot, the Vampire Wizard, began the quest for the Orb.
     0 | D:1      | Reached XP level 1. HP: 11/11 MP: 6/6
   110 | D:1      | Reached skill level 1 in Conjurations
   208 | D:1      | Reached XP level 2. HP: 17/17 MP: 2/8
  1289 | D:2      | Reached XP level 3. HP: 22/22 MP: 7/10
  1647 | D:2      | Found an iron altar of Okawaru.
  1688 | D:2      | Hit by a dart thrown by a gnoll

Action                   || total
-------------------------++-------
Melee: Whip              ||    36
       Unarmed           ||     6
 Cast: Magic Dart        ||    70
  Use: Potion            ||     2
 Stab: Sleeping          ||     2
